 Seeded DCSS version 0.29.1-12-g30fa7ad0bf (webtiles) character file.

Game seed: 20230110 (custom seed)

276338 stormannn the Eclecticist (level 19, -6/89 HPs)
             Began as a Deep Elf Conjurer on Jan 10, 2023.
             Was the Champion of Vehumet.
             Shot with an arrow by a deep elf master archer (33 damage)
             ... on level 3 of the Elven Halls on Jan 11, 2023.
             The game lasted 04:48:47 (42993 turns).

stormannn the Eclecticist (Deep Elf Conjurer)      Turns: 42993, Time: 04:48:48

Health: -6/89      AC: 10    Str:  4    XL:     19   Next: 58%
Magic:  41/54      EV: 15    Int: 48    God:    Vehumet [******]
Gold:   1973       SH: 20    Dex: 13    Spells: 8/58 levels left

rFire   + . .      SeeInvis +   y - +11 war axe "Yptuydghi" {freeze, Drain rPois rCorr Int+10 Stlth-}
rCold   + + +      Faith    .   k - +2 kite shield {rPois}
rNeg    + . .      Spirit   .   E - +2 robe {rC+ rF+}
rPois   +          Reflect  +   G - +0 helmet {SInv}
rElec   .          Harm     .   A - scarf {repulsion}
rCorr   +          Rampage  ∞   V - +0 pair of gloves
Will    ++++.                   R - +3 pair of seven-league boots {Rampage+∞}
Stlth   +++.......              b - amulet of Xom's Capriciousness {Reflect rPois rC+ Will+++ Str-4 SH+5}
HPRegen 0.24/turn               a - ring of Ygono {rC+ rN+}
MPRegen 0.34/turn               F - ring of Qoirum {Drain MP+9 Str+4 Int+6}

@: repel missiles
A: no striking features
}: 2/15 runes: decaying, gossamer
a: Renounce Religion


You were on level 3 of the Elven Halls.
You worshipped Vehumet.
Vehumet was exalted by your worship.
You visited 7 branches of the dungeon, and saw 33 of its levels.
You also visited: Ossuary, Bailey, Gauntlet, Ice Cave and Volcano.

You collected 3896 gold pieces.
You spent 1923 gold pieces at shops.

Inventory:

Hand Weapons
 y - the +11 war axe "Yptuydghi" (weapon) {freeze, Drain rPois rCorr Int+10 Stlth-}
   (You found it on level 5 of the Dungeon)

   It freezes those it strikes, dealing additional cold damage.
   It can also slow down cold-blooded creatures.
   Int:       It affects your intelligence (+10).
   rPois:     It protects you from poison.
   rCorr:     It protects you from acid and corrosion.
   Drain:     It drains your maximum health when unequipped.
   Stlth:     It makes you less stealthy.
Missiles
 o - 33 poisoned darts
Armour
 g - the +1 cloak of the Pink Corner {rC- Will+++ Regen+ Int-5}
   (You acquired it on level 3 of the Dungeon)

   Int:       It affects your intelligence (-5).
   rC:        It makes you vulnerable to cold.
   Regen:     It increases your rate of health regeneration.
   Will:      It greatly increases your willpower.
 k - a +2 kite shield of poison resistance (worn)
 n - the +3 cloak of Liberalism {Str+3 Int+4 Dex+4}
   (You found it in a Gauntlet)

   Str:       It affects your strength (+3).
   Int:       It affects your intelligence (+4).
   Dex:       It affects your dexterity (+4).
 A - a scarf of repulsion (worn)
 E - a +2 robe of resistance (worn)
 G - a +0 helmet of see invisible (worn)
 R - the +3 pair of seven-league boots (worn) {Rampage+∞}
   (You acquired it on level 9 of the Dungeon)

   Its wearer moves as far as possible in that direction when moving towards
   enemies.
 T - a +2 robe of positive energy
 V - a +0 pair of gloves (worn)
 Y - the +1 helmet of Lies {Int+4 Dex+4}
   (You acquired it on level 14 of the Dungeon)

   Int:       It affects your intelligence (+4).
   Dex:       It affects your dexterity (+4).
Jewellery
 a - the ring of Ygono (left hand) {rC+ rN+}
   (You found it on level 10 of the Dungeon)

   [ring of positive energy]

   rC:        It protects you from cold.
   rN:        It protects you from negative energy.
 b - the amulet of Xom's Capriciousness (around neck) {Reflect rPois rC+ Will+++ Str-4 SH+5}
   (You found it on level 1 of the Orcish Mines)

   [amulet of reflection]

   It reflects blocked missile attacks.
   Str:       It affects your strength (-4).
   rC:        It protects you from cold.
   rPois:     It protects you from poison.
   SH:        It affects your SH (+5).
   Will:      It greatly increases your willpower.
 e - a ring of fire
 F - the ring of Qoirum (right hand) {Drain MP+9 Str+4 Int+6}
   (You found it on level 1 of the Orcish Mines)

   [ring of intelligence]

   Str:       It affects your strength (+4).
   Int:       It affects your intelligence (+6).
   MP:        It affects your magic capacity (+9).
   Drain:     It drains your maximum health when unequipped.
 L - a ring of ice
 O - a ring of flight
Wands
 c - a wand of mindburst (28)
 h - a wand of polymorph (12)
 m - a wand of flame (78)
 t - a wand of digging (2)
 v - a wand of light (24)
 D - a wand of roots (46)
 N - a wand of charming (49)
Scrolls
 l - 7 scrolls of magic mapping
 p - 5 scrolls of amnesia
 s - 10 scrolls of noise
 u - 17 scrolls of teleportation
 w - 3 scrolls of enchant weapon
 z - 6 scrolls of fear
 H - 3 scrolls of brand weapon
 I - 10 scrolls of immolation
 W - 3 scrolls of poison
 X - 5 scrolls of fog
 Z - a scroll of enchant armour
Potions
 d - 4 potions of lignification
 f - 5 potions of heal wounds
 i - 5 potions of cancellation
 j - 16 potions of curing
 q - 7 potions of mutation
 r - 3 potions of haste
 x - 3 potions of berserk rage
 B - 3 potions of flight
 C - 3 potions of brilliance
 J - a potion of magic
 K - 3 potions of ambrosia
 M - 5 potions of might
 Q - 3 potions of resistance
Miscellaneous
 P - a phantom mirror


   Skills:
 - Level 10.0 Dodging
 - Level 10.0 Stealth
 * Level 14.7 Shields
 - Level 20.0 Spellcasting
 + Level 17.2 Conjurations
 - Level 4.0 Hexes
 - Level 4.0 Translocations
 + Level 17.2 Fire Magic
 - Level 6.0 Air Magic
 - Level 12.0 Poison Magic


You had 8 spell levels left.
You knew the following spells:

 Your Spells              Type           Power      Damage    Failure   Level
a - Magic Dart            Conj           100%       1d8       0%          1
b - Ignition              Fire           59%        3d16      1%          8
c - Mephitic Cloud        Conj/Pois/Air  100%       N/A       0%          3
d - Poisonous Vapours     Pois/Air       100%       N/A       1%          2
e - Ignite Poison         Fire/Tmut/Pois 96%        N/A       1%          3
f - Olgreb's Toxic Radia  Pois           100%       N/A       1%          4
g - Iskenderun's Mystic   Conj/Tloc      99%        2d19      1%          4
i - Freezing Cloud        Conj/Ice/Air   44%        6-21      1%          5
j - Iskenderun's Battles  Conj           100%       2d15      0%          5
k - Orb of Destruction    Conj           59%        9d14      1%          7
l - Stone Arrow           Conj/Erth      100%       3d13      1%          3
m - Fireball              Conj/Fire      59%        3d23      0%          5

Your spell library contained the following spells:

 Spells                   Type           Power      Damage    Failure   Level
 Lehudib's Crystal Spear  Conj/Erth      46%        10d11     30%         8
 Maxwell's Capacitive Co  Air            40%        ∞         63%         8
 Polar Vortex             Ice            24%        N/A       100%        9
 Foxfire                  Conj/Fire      100%       2x1d9     0%          1
 Shock                    Conj/Air       100%       1d9       0%          1
 Searing Ray              Conj           100%       2d8       0%          2
 Static Discharge         Conj/Air       100%       3-16/arc  0%          2
 Conjure Flame            Conj/Fire      100%       6-21      0%          3
 Flame Wave               Conj/Fire      100%       2d21      0%          4
 Sticky Flame             Conj/Fire      100%       2d11      0%          4
 Apportation              Tloc           100%       N/A       1%          1
 Freeze                   Ice            100%       1d11      1%          1
 Necrotise                Necr           100%       1d9       1%          1
 Sandblast                Erth           96%        2d20      1%          1
 Sting                    Tmut/Pois      100%       1d8       1%          1
 Summon Small Mammal      Summ           100%       N/A       1%          1
 Call Imp                 Summ           48%        N/A       1%          2
 Ensorcelled Hibernation  Hex/Ice        100%       N/A       1%          2
 Passwall                 Tmut/Erth      40%        N/A       1%          2
 Confusing Touch          Hex            72%        N/A       1%          3
 Dazzling Flash           Conj/Hex       100%       N/A       1%          3
 Frozen Ramparts          Ice            96%        1d15      1%          3
 Inner Flame              Hex/Fire       99%        N/A       1%          3
 Portal Projectile        Hex/Tloc       100%       N/A       1%          3
 Tukima's Dance           Hex            72%        N/A       1%          3
 Cause Fear               Hex            36%        N/A       1%          4
 Fulminant Prism          Conj/Hex       49%        3d21      1%          4
 Hailstorm                Conj/Ice       92%        3d18      1%          4
 Passage of Golubria      Tloc           72%        N/A       1%          4
 Alistair's Intoxication  Tmut/Pois      54%        N/A       1%          5
 Conjure Ball Lightning   Conj/Air       51%        3x3d18    1%          6
 Starburst                Conj/Fire      59%        6d16      1%          6
 Yara's Violent Unravell  Hex/Tmut       30%        3d13      2%          5
 Eringya's Noxious Bog    Tmut/Pois      40%        N/A       2%          6
 Spellforged Servitor     Conj/Summ      46%        N/A       4%          7
 Dispel Undead            Necr           48%        3d18      6%          4
 Ice Form                 Ice/Tmut       48%        N/A       6%          4
 Summon Ice Beast         Ice/Summ       48%        N/A       6%          4
 Blade Hands              Tmut           24%        N/A       19%         5
 Borgnjor's Vile Clutch   Necr/Erth      24%        N/A       19%         5
 Enfeeble                 Hex            36%        N/A       71%         7
 Malign Gateway           Summ/Tloc      30%        N/A       94%         7
 Discord                  Hex            36%        N/A       100%        8
 Summon Horrible Things   Summ           24%        N/A       100%        8
 Fire Storm               Conj/Fire      59%        8d15      16%         9
 Chain Lightning          Conj/Air       51%        3d68      78%         9
 Shatter                  Erth           24%        3d21*     100%        9


Dungeon Overview and Level Annotations

Branches:
Dungeon (14/15)            Temple (1/1) D:7            Lair (5/5) D:8
  Swamp (4/4) Lair:3       Spider (4/4) Lair:2        Slime (0/5) Lair:4
    Orc (2/2) D:10            Elf (3/3) Orc:2        Vaults (0/5) D:13
Ossuary (visited)          Bailey (visited)           IceCv (visited)
Volcano (visited)         Gauntlet (visited)

Altars:
Ashenzari
Cheibriados
Elyvilon
Fedhas
Hepliaklqana
Kikubaaqudgha
Makhleb
Nemelex Xobeh
Okawaru
Qazlal
Ru
Sif Muna
Trog
Uskayaw
Vehumet
Wu Jian
Xom
Yredelemnul
Zin
The Shining One
Jiyva

Shops:
D:1 *   D:11 !   Orc:1 (   Orc:2 (::*[   Elf:1 :=:

Portals:
Hell: Lair:5

Annotations:
D:4 3 runed translucent doors, hawla's ghost, weakling MeFE
D:11 3 runed translucent doors, sigtrap's ghost, journeyman KoBr
Lair:4 2 runed translucent doors, Mekil's ghost, journeyman FeAK
Orc:1 KittyFluff's ghost, adept GrBe
Elf:2 3 runed translucent doors


Message History

Okay, then.
Casting: Poisonous Vapours (safe; 1% risk of failure)
Confirm with . or Enter, or press ? or * to list all spells.
You begin to radiate toxic energy.
The deep elf master archer is poisoned.
The deep elf high priest is poisoned.
The deep elf master archer looks even sicker.
The deep elf high priest looks even sicker.
The deep elf high priest calls down the wrath of its god upon you.
The sphere of damnation explodes!
The damnation engulfs you!
You hear a shout! x11
Casting: Olgreb's Toxic Radiance (safe; 1% risk of failure)
Confirm with . or Enter, or press ? or * to list all spells.
You ignite the poison in your surroundings!
The deep elf high priest seems to burn from within!!!
You kill the deep elf high priest!
Vehumet accepts your kill.
The deep elf master archer seems to burn from within!!
The deep elf master archer is moderately wounded.
The deep elf master archer is poisoned.
You hear a shout!
The deep elf master archer wields a +0 longbow.
The deep elf master archer shoots an arrow.
The arrow hits you!!!
* * * LOW HITPOINT WARNING * * *
Okay, then.
You feel much better.
The deep elf master archer shoots an arrow.
The arrow completely misses you.
Casting: Ignite Poison (safe; 1% risk of failure)
Confirm with . or Enter, or press ? or * to list all spells.
You ignite the poison in your surroundings!
The deep elf master archer seems to burn from within!
The deep elf master archer is heavily wounded.
The deep elf master archer is poisoned.
Your toxic aura wanes.
The deep elf master archer shoots an arrow.
The arrow hits you!
The deep elf master archer shoots an arrow.
The arrow hits you!!
You die...

**,,,*,,***,*,,⌠,,*****,,*,,,*
*,,,**,,,,,,,,,,,,,,,*,,,**,,,
*,,,*,,,,,,,,,,,,,,,,,,,,,*,*,
**,,,*,.#**,,#######,,**#,,*,,,
*,,,**,...####.....####..,,**,,
*****,,.e................,,,***
***.).....#...#......,***
***#.............#***
***#.@..)..#***
######)############## ##.###..#
#.......... ##.#.##.##
#.##.......
##.###...#####.#.##..... #.##
##/.........##.....
##.###.#######.#.##.....
##.#.#* #.##.#..... ##.#*
#.###......


You could see a deep elf master archer (poisoned).

Vanquished Creatures
  Arachne (Spider:4)
  Mlioglotl (Swamp:4)
  A lich (IceCv)
  4 thorn hunters
  2 fenstrider witches
  2 deep elf sorcerers
  6 emperor scorpions
  3 orc warlords
  4 ghost moths
  Aizul (Spider:3)
  A very ugly thing (IceCv)
  A broodmother (Spider:3)
  3 eleionomae
  A dire elephant (Lair:5)
  3 deep elf annihilators
  4 entropy weavers
  A minotaur (Gauntlet)
  4 bunyips
  3 spark wasps (Spider:4)
  A deep elf death mage (Elf:2)
  Fannar (Orc:1)
  18 hydras
  A vault guard (D:13)
  3 boulder beetles
  2 deep elf high priests
  3 jorogumos
  A catoblepas (Lair:5)
  2 caustic shrike simulacra (IceCv)
  A radroach (Spider:4)
  2 two-headed ogres
  5 centaur warriors
  8 dancing weapons
  15 alligators
  A ghost crab (Swamp:3)
  20 death yaks
  A death knight (D:13)
  2 thrashing horrors (Gauntlet)
  A tengu warrior (D:13)
  Urug (Orc:2)
  6 orc high priests
  10 deep elf knights
  A sun demon (Lair:5)
  2 pharaoh ants (Spider:4)
  A fire crab (shapeshifter) (D:13)
  6 goliath frogs
  3 sun moths
  10 orb spiders
  Lodul (D:11)
  4 spriggan druids
  5 steelbarb worms
  A spriggan simulacrum (IceCv)
  5 swamp dragons (Swamp:4)
  7 bog bodies
  An obsidian statue (IceCv)
  An orange crystal statue (Elf:1)
  9 deep elf archers
  2 wizards
  32 deep elf pyromancers
  24 deep elf zephyrmancers
  An ugly thing (D:13)
  11 orc sorcerers
  22 wolf spiders
  2 orc knights (Orc:2)
  2 necromancers
  5 moths of wrath
  7 will-o-the-wisps
  4 cyclopes
  2 manticores
  Maurice (D:11)
  A salamander (shapeshifter) (D:14)
  21 elephants
  8 black mambas
  2 gargoyles
  3 orange demons (Lair:5)
  14 cane toads
  A smoke demon (Lair:5)
  4 demonic crawlers
  An ice statue (Spider:3)
  Maggie (D:8)
  An unseen horror (D:12)
  5 torpor snails (Spider:4)
  10 rime drakes
  17 freezing wraiths
  An anaconda simulacrum (IceCv)
  An ice devil (Lair:5)
  7 komodo dragons
  A red devil (Lair:5)
  A tengu conjurer (D:14)
  13 meliai
  A golden dragon simulacrum (IceCv)
  A bloated husk (Swamp:2)
  2 hydra zombies (Swamp:1)
  18 tarantellas
  9 trolls
  Prince Ribbit (D:5)
  6 tyrant leeches
  A hornet (shapeshifter) (Elf:1)
  14 hornets
  6 polar bears
  6 dream sheep (Lair:5)
  9 slime creatures
  Sigmund (D:7)
  8 blink frogs
  6 culicivoras
  11 jumping spiders
  A yak (shapeshifter) (D:14)
  A water elemental (Elf:1)
  2 wraiths
  A vampire (D:13)
  13 spriggans
  A shadow (D:9)
  An air elemental (Elf:1)
  4 dire elephant simulacra (IceCv)
  A fire elemental (Elf:2)
  67 yaks
  3 wyverns
  A basilisk (Lair:2)
  A redback (shapeshifter) (Elf:1)
  2 neqoxecs (Orc:1)
  A steam dragon (D:9)
  11 vampire mosquitoes
  32 redbacks
  3 minotaur simulacra (IceCv)
  4 harpy simulacra (IceCv)
  6 wargs
  Edmund (D:7)
  2 hydra simulacra (Swamp:1)
  14 swamp worms
  11 water moccasins
  5 hell hounds (Lair:5)
  Duvessa (D:6)
  36 orc warriors
  4 swamp drakes
  A swamp dragon zombie (Swamp:1)
  2 black bears
  14 ogres
  4 alligator simulacra
  An ettin simulacrum (IceCv)
  17 wolves
  12 centaurs
  2 phantoms
  14 bullfrogs
  2 deep troll simulacra (IceCv)
  2 earth elementals
  A scorpion (D:7)
  A gnoll sergeant (D:8)
  4 wights (D:9)
  A hornet simulacrum (D:14)
  Dowan (D:6)
  18 killer bees
  3 lindwurm simulacra (IceCv)
  3 howler monkeys
  2 electric eels (Spider:2)
  A centaur zombie (Ossuary)
  4 jellies
  4 quasits (Orc:1)
  11 orc priests
  2 human zombies (Ossuary)
  6 hounds
  2 gnoll boudas
  8 iguanas
  Ijyb (D:3)
  Terence (D:3)
  26 orc wizards
  2 small abominations (Gauntlet)
  3 mummies (Ossuary)
  Robin (D:3)
  17 gnolls
  5 adders
  A shadow imp (D:8)
  5 white imps
  An ufetubus (D:5)
  A worm (D:3)
  2 dart slugs
  58 orcs
  6 bats
  6 endoplasms
  2 giant cockroaches
  23 goblins
  22 hobgoblins
  2 jackals (D:3)
  A quokka (D:5)
  5 ball pythons
  3 frilled lizards
  3 goblin zombies (Ossuary)
  A hobgoblin zombie (Ossuary)
  6 kobolds
  An orc zombie (Ossuary)
  6 rats
  A spectral kobold (D:1)
1121 creatures vanquished.

Vanquished Creatures (collateral kills)
  Mara (Spider:3)
1 creature vanquished.

Vanquished Creatures (others)
  A deep elf knight (Elf:2)
  An air elemental (Elf:2)
  2 bushes (Lair:5)
  22 foxfires
  28 fungi
  146 plants
  10 withered plants (Gauntlet)
210 creatures vanquished.

Grand Total: 1332 creatures vanquished

Notes
Turn   | Place    | Note
-------+----------+-------------------------------------------
     0 | D:1      | stormannn the Deep Elf Conjurer began the quest for the
                  | Orb.
     0 | D:1      | Reached XP level 1. HP: 10/10 MP: 6/6
    62 | D:1      | Found Zatwa's Assorted Antiques.
   172 | D:1      | Reached XP level 2. HP: 15/15 MP: 6/8
   788 | D:1      | Found a faded altar of an unknown god.
   921 | D:2      | Learned a level 2 spell: Searing Ray
  1102 | D:2      | Reached XP level 3. HP: 16/19 MP: 5/9
  1135 | D:2      | Found a stormy altar of Qazlal.
  1560 | D:2      | Reached skill level 5 in Conjurations
  1616 | D:2      | Reached XP level 4. HP: 18/24 MP: 6/11
  2157 | D:3      | Noticed an ogre
  2173 | D:3      | Killed an ogre
  2174 | D:3      | Reached skill level 4 in Spellcasting
  2174 | D:3      | Reached XP level 5. HP: 28/28 MP: 4/13
  2442 | D:3      | Noticed Terence
  2447 | D:3      | Killed Terence
  2552 | D:3      | Noticed Robin
  2562 | D:3      | Killed Robin
  2572 | D:3      | Reached XP level 6. HP: 32/32 MP: 7/14
  2790 | D:3      | Identified a scroll of acquirement
  2790 | D:3      | Acquired the +1 cloak of the Pink Corner {rC- Will+++
                  | Regen+ Int-5}
  2827 | D:3      | Noticed Ijyb
  2832 | D:3      | Killed Ijyb
  2935 | D:4      | Learned a level 3 spell: Mephitic Cloud
  2972 | D:4      | Reached skill level 1 in Translocations
  2972 | D:4      | Reached skill level 1 in Poison Magic
  2974 | D:4      | Reached skill level 1 in Air Magic
  3145 | D:4      | Found a hide-covered altar of Uskayaw.
  3447 | D:4      | Reached XP level 7. HP: 36/36 MP: 10/16
  3578 | D:4      | Found an ornate altar of the Wu Jian Council.
  3870 | D:4      | Found a runed translucent gate.
  3871 | D:4      | Found a runed translucent gate.
  3872 | D:4      | Found a runed translucent gate.
  3872 | D:4      | Noticed hawla's ghost (weakling MeFE)
  4037 | D:4      | Found a stormy altar of Qazlal.
  4122 | D:5      | Entered Level 5 of the Dungeon
  4486 | D:5      | Identified the +11 war axe "Yptuydghi" {freeze, Drain rPois
                  | rCorr Int+10 Stlth-}
  4856 | D:5      | Got Vafeenwu's Handbook of the Blizzard
  5069 | D:5      | Noticed Prince Ribbit
  5073 | D:5      | Killed Prince Ribbit
  5074 | D:5      | Reached XP level 8. HP: 41/41 MP: 13/17
  5361 | D:5      | Reached skill level 5 in Spellcasting
  6286 | D:6      | Learned a level 2 spell: Poisonous Vapours
  6330 | D:6      | Reached skill level 5 in Stealth
  6418 | D:6      | Noticed Duvessa
  6426 | D:6      | Noticed Dowan
  6432 | D:6      | Killed Duvessa
  6434 | D:6      | Killed Dowan
  6435 | D:6      | Reached skill level 5 in Dodging
  6613 | D:6      | Reached skill level 6 in Spellcasting
  7374 | D:6      | Found a sacrificial altar of Ru.
  7374 | D:6      | Found a burning altar of Makhleb.
  7374 | D:6      | Found a blossoming altar of Fedhas.
  7374 | D:6      | Found a white marble altar of Elyvilon.
  7429 | D:6      | Found a basalt altar of Yredelemnul.
  7432 | D:6      | Found a shimmering altar of Xom.
  7702 | D:7      | Noticed Sigmund
  7703 | D:7      | Noticed Edmund
  7723 | D:7      | Killed Sigmund
  7724 | D:7      | Reached XP level 9. HP: 41/45 MP: 11/21
  7766 | D:7      | Killed Edmund
  7863 | D:7      | Reached skill level 7 in Spellcasting
  8053 | D:7      | Found a staircase to the Ecumenical Temple.
  8081 | D:7      | Found a sand-covered staircase.
  8091 | Ossuary  | Entered an ossuary
  8655 | Ossuary  | Learned a level 3 spell: Ignite Poison
  8660 | Ossuary  | Learned a level 4 spell: Olgreb's Toxic Radiance
  8665 | Ossuary  | Learned a level 4 spell: Iskenderun's Mystic Blast
  8669 | Ossuary  | Learned a level 3 spell: Inner Flame
  8743 | D:7      | Reached skill level 1 in Fire Magic
  9026 | Temple   | Entered the Ecumenical Temple
  9084 | Temple   | Became a worshipper of Vehumet
  9584 | D:8      | Found a staircase to the Lair.
  9587 | D:8      | Noticed Maggie
  9591 | D:8      | Killed Maggie
  9592 | D:8      | Reached skill level 5 in Poison Magic
  9721 | D:8      | Found a snail-covered altar of Cheibriados.
  9962 | D:8      | Reached XP level 10. HP: 50/50 MP: 15/23
  9966 | D:8      | Reached * piety under Vehumet
  9966 | D:8      | Offered knowledge of Foxfire by Vehumet.
 10418 | D:9      | Identified the +0 robe "Xosk" {rPois}
 10541 | D:9      | Reached skill level 8 in Spellcasting
 10580 | D:9      | Found a flagged portal.
 10589 | Bailey   | Entered a bailey
 10766 | Bailey   | Offered knowledge of Scorch by Vehumet.
 10766 | Bailey   | Reached ** piety under Vehumet
 10860 | Bailey   | Noticed an orc warlord
 10865 | Bailey   | Reached skill level 9 in Spellcasting
 10867 | Bailey   | Killed an orc warlord
 10868 | Bailey   | Reached XP level 11. HP: 54/54 MP: 13/26
 10943 | D:9      | Acquired the +3 pair of seven-league boots {Rampage+∞}
 10943 | D:9      | Found the +3 pair of seven-league boots {Rampage+∞}
 11046 | D:9      | Offered knowledge of Conjure Flame by Vehumet.
 11589 | D:10     | Entered Level 10 of the Dungeon
 11606 | D:10     | Identified the ring of Ygono {rC+ rN+}
 11709 | D:10     | Reached *** piety under Vehumet
 11871 | D:10     | Found a staircase to the Orcish Mines.
 11945 | D:10     | Noticed a two-headed ogre
 11949 | D:10     | Killed a two-headed ogre
 11950 | D:10     | Reached skill level 10 in Spellcasting
 12157 | D:10     | Offered knowledge of Flame Wave by Vehumet.
 12158 | D:10     | Reached skill level 10 in Stealth
 12287 | D:10     | Learned a level 5 spell: Freezing Cloud
 12326 | Orc:1    | Entered Level 1 of the Orcish Mines
 12561 | Orc:1    | Reached skill level 10 in Conjurations
 12561 | Orc:1    | Reached skill level 10 in Poison Magic
 12764 | Orc:1    | Found a transporter.
 12806 | Orc:1    | Noticed KittyFluff's ghost (adept GrBe)
 12852 | Orc:1    | Found a transporter.
 13015 | Orc:1    | Found Guolaots's Antique Weapon Shop.
 13047 | Orc:1    | Noticed Fannar
 13051 | Orc:1    | Killed Fannar
 13052 | Orc:1    | Reached skill level 10 in Dodging
 13305 | Orc:2    | Entered Level 2 of the Orcish Mines
 13305 | Orc:2    | Noticed an orc sorcerer
 13305 | Orc:2    | Found a staircase to the Elven Halls.
 13307 | Orc:2    | Noticed an orc warlord
 13311 | Orc:2    | Killed an orc sorcerer
 13312 | Orc:2    | Killed an orc warlord
 13313 | Orc:2    | Reached skill level 5 in Fire Magic
 13313 | Orc:2    | Reached XP level 12. HP: 59/59 MP: 23/28
 13317 | Orc:2    | Reached **** piety under Vehumet
 13318 | Orc:2    | Reached skill level 5 in Air Magic
 13322 | Orc:2    | Reached skill level 11 in Spellcasting
 13582 | Orc:2    | Offered knowledge of Lee's Rapid Deconstruction by Vehumet.
 13900 | Orc:2    | Reached skill level 12 in Spellcasting
 13900 | Orc:2    | Reached skill level 1 in Hexes
 13907 | Orc:2    | Noticed an orc high priest
 13919 | Orc:2    | Killed an orc high priest
 14056 | Orc:2    | Noticed an orc warlord
 14066 | Orc:2    | Noticed Urug
 14086 | Orc:2    | Killed Urug
 14108 | Orc:2    | Killed an orc warlord
 14261 | Orc:2    | Reached ***** piety under Vehumet
 14373 | Orc:2    | Noticed a two-headed ogre
 14377 | Orc:2    | Killed a two-headed ogre
 14377 | Orc:2    | Offered knowledge of Iskenderun's Battlesphere by Vehumet.
 14465 | Orc:2    | Found Ilaab's Antique Weapon Shoppe.
 14561 | Orc:2    | Found Pahaz Imi's Book Emporium.
 14570 | Orc:2    | Found Qixihid's Antique Armour Shoppe.
 14576 | Orc:2    | Bought a glowing helmet for 285 gold pieces
 14622 | Orc:2    | Found Tiec's General Store.
 14636 | Orc:2    | Found Taali's Book Shoppe.
 14644 | Orc:2    | Bought a book of Annihilations for 840 gold pieces
 14869 | Orc:2    | Learned a level 5 spell: Iskenderun's Battlesphere
 14965 | Lair:1   | Entered Level 1 of the Lair of Beasts
 15922 | Lair:2   | Found a dark tunnel.
 15926 | Volcano  | Entered a volcano
 15942 | Volcano  | Noticed a centaur warrior
 16309 | Lair:2   | Reached XP level 13. HP: 61/63 MP: 26/31
 16673 | Lair:2   | Found a hole to the Spider Nest.
 17284 | Lair:3   | Found a staircase to the Swamp.
 17323 | Lair:3   | Found a gate leading to a gauntlet.
 17340 | Gauntlet | Entered a Gauntlet
 17340 | Gauntlet | Found a transporter.
 17340 | Gauntlet | Found a transporter.
 17464 | Gauntlet | Found a transporter.
 17465 | Gauntlet | Found a transporter.
 17466 | Gauntlet | Found a large runed translucent door.
 17467 | Gauntlet | Found a large runed translucent door.
 17468 | Gauntlet | Found a large runed translucent door.
 17468 | Gauntlet | Found a large runed translucent door.
 17468 | Gauntlet | Found a runed translucent door.
 17468 | Gauntlet | Found a runed translucent door.
 17469 | Gauntlet | Found a large runed translucent door.
 17469 | Gauntlet | Found a large runed translucent door.
 17469 | Gauntlet | Found a large runed translucent door.
 17469 | Gauntlet | Found a large runed translucent door.
 17470 | Gauntlet | Found a large runed translucent door.
 17471 | Gauntlet | Found a large runed translucent door.
 17471 | Gauntlet | Found a transporter.
 17493 | Gauntlet | Found a transporter.
 17496 | Gauntlet | Found a large runed translucent door.
 17496 | Gauntlet | Found a large runed translucent door.
 17497 | Gauntlet | Found a large runed translucent door.
 17498 | Gauntlet | Found a runed translucent gate.
 17510 | Gauntlet | Found a transporter.
 17510 | Gauntlet | Found a transporter.
 17511 | Gauntlet | Found a transporter.
 17514 | Gauntlet | Found a transporter.
 17549 | Gauntlet | Found a transporter.
 17551 | Gauntlet | Found a runed translucent gate.
 17551 | Gauntlet | Found a runed translucent gate.
 17553 | Gauntlet | Found a large runed translucent door.
 17554 | Gauntlet | Found a large runed translucent door.
 17556 | Gauntlet | Found a transporter.
 17557 | Gauntlet | Found a large runed translucent door.
 17604 | Gauntlet | Found a transporter.
 17625 | Gauntlet | Found a transporter.
 17820 | Gauntlet | Found a transporter.
 17836 | Gauntlet | Found a transporter.
 17953 | Gauntlet | Reached skill level 13 in Spellcasting
 18033 | Gauntlet | Identified the +1 helmet of Xadezung {rCorr Int+2}
 18194 | Gauntlet | Identified the +3 cloak of Liberalism {Str+3 Int+4 Dex+4}
 18282 | Gauntlet | Identified the amulet of Qazlal's Displeasure {RegenMP rN++
                  | Will-}
 18282 | Gauntlet | Noticed a minotaur
 18292 | Gauntlet | Killed a minotaur
 19473 | Lair:4   | Reached skill level 10 in Fire Magic
 19800 | Lair:4   | Reached skill level 14 in Spellcasting
 20127 | Lair:4   | Offered knowledge of Orb of Destruction by Vehumet.
 20128 | Lair:4   | Reached XP level 14. HP: 68/68 MP: 28/34
 20178 | Lair:3   | Learned a level 7 spell: Orb of Destruction
 20285 | Lair:4   | Found a viscous altar of Jiyva.
 20375 | Lair:4   | Found a staircase to the Slime Pits.
 20723 | Lair:4   | Found a large runed translucent door.
 20724 | Lair:4   | Found a large runed translucent door.
 20735 | Lair:4   | Noticed Mekil's ghost (journeyman FeAK)
 21091 | Lair:5   | Entered Level 5 of the Lair of Beasts
 21392 | Lair:5   | Reached skill level 15 in Spellcasting
 22109 | Lair:5   | Reached XP level 15. HP: 72/72 MP: 36/36
 22472 | Lair:5   | Reached ****** piety under Vehumet
 22769 | Lair:5   | Reached XP level 16. HP: 76/76 MP: 26/37
 22991 | Lair:5   | Found a burning altar of Makhleb.
 23007 | Lair:5   | Offered knowledge of Conjure Ball Lightning by Vehumet.
 23009 | Lair:5   | Reached skill level 16 in Spellcasting
 23013 | Lair:5   | Reached skill level 15 in Conjurations
 23165 | Lair:5   | Found a gateway to Hell.
 23172 | Lair:5   | Identified the +6 quick blade of Wrongful Imprisonment
                  | {flame, Str-4 Dex+2 SInv}
 23343 | Spider:1 | Entered Level 1 of the Spider Nest
 24265 | Elf:1    | Entered Level 1 of the Elven Halls
 24739 | Elf:1    | Reached skill level 15 in Fire Magic
 25272 | Orc:1    | Identified the amulet of Xom's Capriciousness {Reflect
                  | rPois rC+ Will+++ Str-4 SH+5}
 25274 | Orc:1    | Identified the ring of Qoirum {Drain MP+9 Str+4 Int+6}
 25959 | Orc:2    | Bought a book of Geomancy for 270 gold pieces
 25963 | Orc:2    | Learned a level 3 spell: Stone Arrow
 26291 | Elf:1    | Got the Lectures on Productive Blows and Bruises
 26471 | Elf:1    | Found Zoydumn's Book Boutique.
 26471 | Elf:1    | Found Namuril's Jewellery Shoppe.
 26472 | Elf:1    | Found Fesou's Book Boutique.
 26798 | D:11     | Identified the +5 long sword "Impbane" {freeze, +Blink
                  | Str+2}
 26926 | D:11     | Noticed Lodul
 26930 | D:11     | Killed Lodul
 27020 | D:11     | Found a runed translucent gate.
 27021 | D:11     | Found a runed translucent gate.
 27021 | D:11     | Found a runed translucent gate.
 27024 | D:11     | Noticed sigtrap's ghost (journeyman KoBr)
 27112 | D:11     | Noticed Maurice
 27114 | D:11     | Killed Maurice
 27365 | D:11     | Found Yteq's Distillery.
 28837 | D:13     | Reached skill level 5 in Shields
 29166 | D:13     | Offered knowledge of Lightning Bolt by Vehumet.
 29653 | D:13     | Found a gate to the Vaults.
 29776 | D:14     | Acquired the +1 helmet of Lies {Int+4 Dex+4}
 30051 | D:14     | Reached XP level 17. HP: 80/80 MP: 24/39
 30483 | Elf:1    | Bought a book of Fire for 528 gold pieces
 30702 | Swamp:1  | Entered Level 1 of the Swamp
 31159 | Spider:2 | Offered knowledge of Ozocubu's Refrigeration by Vehumet.
 31202 | Spider:2 | Identified the +1 leather armour of Day {Int+4}
 31809 | Spider:3 | Noticed Mara
 31993 | Spider:3 | Reached skill level 17 in Spellcasting
 32017 | Spider:3 | Killed Mara
 32489 | Spider:3 | Found a frozen archway.
 32497 | IceCv    | Entered an ice cave
 32510 | IceCv    | Learned a level 5 spell: Fireball
 32527 | IceCv    | Offered knowledge of Iron Shot by Vehumet.
 32696 | IceCv    | Found an ancient bone altar of Kikubaaqudgha.
 32883 | IceCv    | Noticed a lich
 32906 | IceCv    | Killed a lich
 32907 | IceCv    | Reached skill level 10 in Shields
 33327 | Spider:3 | Reached skill level 18 in Spellcasting
 33889 | Spider:4 | Entered Level 4 of the Spider Nest
 34189 | Spider:4 | Offered knowledge of Eringya's Noxious Bog by Vehumet.
 34734 | Spider:4 | Reached XP level 18. HP: 85/85 MP: 32/42
 35275 | Spider:4 | Noticed Arachne
 35301 | Spider:4 | Killed Arachne
 35302 | Spider:4 | Reached skill level 19 in Spellcasting
 35802 | Spider:4 | Got a gossamer rune of Zot
 35864 | Spider:3 | Noticed Aizul
 35884 | Spider:3 | Killed Aizul
 36355 | Swamp:1  | Found a glowing silver altar of Zin.
 37370 | Swamp:2  | Reached skill level 20 in Spellcasting
 37371 | Swamp:2  | Offered knowledge of Lehudib's Crystal Spear by Vehumet.
 37371 | Swamp:2  | Offered knowledge of Polar Vortex by Vehumet.
 37371 | Swamp:2  | Offered knowledge of Maxwell's Capacitive Coupling by
                  | Vehumet.
 39347 | Swamp:4  | Entered Level 4 of the Swamp
 39669 | Swamp:4  | Reached XP level 19. HP: 89/89 MP: 36/45
 39818 | Swamp:4  | Noticed Mlioglotl
 39823 | Swamp:4  | Killed Mlioglotl
 40965 | Swamp:4  | Got a decaying rune of Zot
 42068 | Elf:2    | Learned a level 8 spell: Ignition
 42120 | Elf:2    | Found a runed translucent gate.
 42120 | Elf:2    | Found a runed translucent gate.
 42121 | Elf:2    | Found a runed translucent gate.
 42169 | Elf:3    | Entered Level 3 of the Elven Halls
 42993 | Elf:3    | Shot with an arrow by a deep elf master archer

Illustrated notes

Levels and vault maps discovered:
D:1:      ncdulo_smallfort, layout_basic, serial_shops, nicolae_square_shop,
          dreamdust_ecumenical_altar_drowned_temple
D:2:      wander_river, layout_loops_cross, basic_altar,
          wander_ebering_terrifying_dragon_lair
D:3:      layout_rooms, minivault_14, uniq_robin, uniq_terence, uniq_ijyb
D:4:      layout_loops_ring, nicolae_wu_jian_wuxing_cycle,
          nicolae_uskayaw_murder_on_the_dancefloor,
          nicolae_overflow_hidden_temple, ebering_ghost_rock_garden
D:5:      layout_basic, uniq_prince_ribbit1
D:6:      layout_basic, minitemple, kennysheep_opposing_triangles, uniq_duvessa
D:7:      layout_cave_pods, minmay_temple_entry_drinking_statues,
          lightli_ossuary_entry_decrepit_ruins, chequers_serial_rivers_small_3,
          sigmund_edmund_badplayer
D:8:      layout_basic, lair_entry_dummy, minmay_ruined_shrine, uniq_maggie
D:9:      layout_cave_pools, enter_bailey_8, kennysheep_big_empty_room,
          chequers_avenue, chequers_serial_rivers_small_a
D:10:     layout_roguey, david_orc_2, dreamdust_mushroom_princess
D:11:     layout_roguey, gammafunk_ghost_necromancy, serial_shops,
          nicolae_shop_advertising_works [nicolae_subvault_shop_adworks],
          billiards_dpeg, uniq_maurice, uniq_lodul
D:12:     layout_basic, lemuel_flame_loot_1
D:13:     minmay_bloctagon_deflated, layout_basic, david_vaults_5
D:14:     wad_statue_garden, layout_cave_pools, serial_shops, statue_bzr,
          serial_park_avenue1
Temple:   compressed_dpeg_triangle_lava_temple
Lair:1:   layout_cave_pods, serial_forest, infiniplex_forest_straight_3,
          infiniplex_forest_clump_double, infiniplex_forest_end_1,
          infiniplex_forest_straight_5, infiniplex_forest_3_way,
          infiniplex_forest_clump_curved, infiniplex_forest_clump_small,
          infiniplex_forest_clump_double, infiniplex_forest_side_room,
          infiniplex_forest_lined_corner
Lair:2:   layout_chaotic_city, hellmonk_spider_entry_life_and_decay,
          nicolae_volcano_entry_lava_flow, hibernation_bobbens,
          lemuel_fruit_tree, serial_bayou_shore_a
Lair:3:   layout_concentric_octagons, minmay_swamp_entry_swarm,
          gauntlet_entry_generic, cheibrodos_lair_lostbears,
          infiniplex_staircase_pool_2, grunt_megastairs_3
Lair:4:   layout_layer_cave, minmay_slime_entry_pillars,
          ebering_ghost_disaster_area, grunt_megastairs_1,
          infiniplex_staircase_pool
Lair:5:   evil_forest, layout_loops_ring, lemuel_fruit_fields
Swamp:1:  layout_basic_swamp, nicolae_swamp_godswood, swamp_pool1,
          nicolae_swamp_necromancer_hut
Swamp:2:  layout_falls_marsh, nicolae_swamp_triple_paths, swamp_pool3
Swamp:3:  layout_basic_swamp, evilmike_swamp_ruin_rubble_2
Swamp:4:  swamp_alternative, layout_basic_swamp, swamp_pool1, uniq_mlioglotl
Spider:1: layout_spider_delve, nicolae_spider_webbed_stairs
Spider:2: layout_spider_delve, hangedman_spider_trapstep
Spider:3: layout_spider_delve, portal_ice_cave_entry_ice_statue_one,
          hangedman_spider_tarantella_strand, uniq_mara, uniq_aizul
Spider:4: johnstein_spider_rune_arachne_lair
Orc:1:    layout_caves, gammafunk_ghost_stat_death, serial_shops,
          nicolae_shop_competitors_out_of_business, uniq_fannar
Orc:2:    grunt_orc_cross, layout_caves, serial_shops, nicolae_shop_statue_plus,
          nicolae_orc_lava_tube
Elf:1:    nicolae_elf_arrival_no_cutting_in_line, layout_gridlike,
          minmay_elf_sorcery, minivault_16, minmay_shop_grove
Elf:2:    elven_hall_of_blades_hangedman_original
          [nicolae_blade_entry_sentries_behind_glass], layout_geoelf_diagonals,
          kennysheep_underground_church
Elf:3:    minmay_elf_hall_furrowed, layout_loops_ring

Skill      XL: |  1  2  3  4  5  6  7  8  9 10 11 12 13 14 15 16 17 18 19 |
---------------+----------------------------------------------------------+-----
Stealth        | 3 4 6 7 9 10 | 10.0
Dodging        | 3 4 5 6 8 10 | 10.0
Conjurations   | 5 6 7 8 10 12 13 14 16 17 | 17.2
Spellcasting   | 4 6 7 9 10 12 14 15 16 18 20 | 20.0
Translocations | 2 4 |  4.0
Poison Magic   | 2 4 7 8 10 12 | 12.0
Air Magic      | 1 4 6 |  6.0
Fire Magic     | 4 5 6 11 13 14 16 17 | 17.2
Hexes          | 4 |  4.0
Shields        | 4 6 11 13 14 | 14.7

Action                   |  1- 3 |  4- 6 |  7- 9 | 10-12 | 13-15 | 16-18 | 19-21 || total
-------------------------+-------+-------+-------+-------+-------+-------+-------++-------
Melee: Staff             |       |     4 |       |       |       |       |       ||     4
       War axe           |       |       |       |    33 |     9 |    17 |     3 ||    62
 Cast: Magic Dart        |    61 |    70 |   100 |    45 |    84 |    77 |       ||   437
       Searing Ray       |     2 |    16 |    56 |    16 |    17 |    11 |       ||   118
       Mephitic Cloud    |       |       |     4 |     1 |       |     1 |       ||     6
       Poisonous Vapours |       |       |    15 |    48 |    60 |   215 |    41 ||   379
       Ignite Poison     |       |       |    10 |    79 |    94 |   247 |    52 ||   482
       Olgreb's Toxic Ra |       |       |     4 |    35 |    28 |    35 |     9 ||   111
       Iskenderun's Myst |       |       |       |    27 |    40 |   105 |     8 ||   180
       Freezing Cloud    |       |       |       |     4 |     6 |    22 |     3 ||    35
       Iskenderun's Batt |       |       |       |     1 |    26 |    25 |       ||    52
       Orb of Destructio |       |       |       |       |     3 |    44 |     9 ||    56
       Stone Arrow       |       |       |       |       |       |   119 |    19 ||   138
       Fireball          |       |       |       |       |       |   126 |    36 ||   162
Evoke: Wand              |       |       |     3 |     5 |     2 |       |       ||    10
       Phantom mirror    |       |       |       |       |       |     1 |       ||     1
  Use: Scroll            |       |     9 |     6 |     7 |    14 |    11 |     3 ||    50
       Potion            |       |       |     1 |     3 |     4 |    20 |     1 ||    29
 Stab: Invisible         |       |       |       |       |     1 |       |       ||     1
       Distracted        |       |       |       |       |       |     1 |       ||     1
Armor: Robe              |     1 |     2 |    38 |     2 |    16 |    50 |       ||   109
Dodge: Dodged            |     3 |     7 |   104 |    24 |    38 |    74 |     5 ||   255
       Repelled          |       |       |       |       |       |       |     1 ||     1
Block: Orb               |       |       |       |     6 |    13 |       |       ||    19
       Reflection        |       |       |       |     1 |     1 |    23 |     8 ||    33
       Kite shield       |       |       |       |       |     3 |   121 |    16 ||   140
